 Dungeon Crawl Stone Soup version 0.19.5 (webtiles) character file.

306 Nelagord the Skirmisher (level 6, 0/56 HPs)
             Began as a Draconian Gladiator on Mar 15, 2017.
             Slain by Grinder (6 damage)
             ... on level 3 of the Dungeon.
             The game lasted 00:05:20 (1361 turns).

Nelagord the Skirmisher (Draconian Gladiator)       Turns: 1361, Time: 00:05:21

Health: 0/56       AC:  7    Str: 23    XL:     6   Next: 16%
Magic:  6/6        EV: 14    Int: 15    God:
Gold:   65         SH:  0    Dex: 13    Spells: 0 memorised, 5 levels left

rFire  + . .     SeeInvis .     a - +0 war axe
rCold  + . .     Gourm    .     (armour unavailable)
rNeg   . . .     Faith    .     (no shield)
rPois  +         Spirit   .     (helmet restricted)
rElec  +         Reflect  .     j - +0 cloak
rCorr  +         Harm     .     (no gloves)
MR     .....                    (no boots)
Stlth  +.........               (no amulet)
                                (no ring)
                                (no ring)

@: mighty, brilliant, resistant
A: unfitting armour, clever 1, slow regeneration 1, cold-blooded, MP-powered
wands, AC +6
a: no special abilities


You were on level 3 of the Dungeon.
You were near starving.

You visited 1 branch of the dungeon, and saw 3 of its levels.

You collected 65 gold pieces.

Inventory:

Hand Weapons
 a - a +0 war axe (weapon)
 s - a +0 scythe
Missiles
 c - 3 throwing nets (quivered)
Armour
 j - a +0 cloak (worn)
Jewellery
 p - a cursed -2 ring of strength
Scrolls
 f - a scroll of blinking
 h - a scroll of remove curse
Potions
 g - a potion of resistance
Comestibles
 d - 2 bread rations
 n - 3 meat rations


   Skills:
 * Level 5.4 Fighting
 - Level 3.0 Axes
 - Level 1.7 Throwing
 * Level 4.7 Dodging


You had 5 spell levels left.
You didn't know any spells.

Dungeon Overview and Level Annotations

Branches:
Dungeon (3/15)

Altars:
Qazlal

Annotations:
D:3 Grinder


Innate Abilities, Weirdness & Mutations

Your plain brown scales are hard. (AC +6)
You cannot fit into any form of body armour.
You are cold-blooded and may be slowed by cold attacks.
Your mind is acute. (Int +2)
You regenerate slowly when monsters are visible.
You expend magic power (3 MP) to strengthen your wands.


Message History

The hobgoblin hits you but does no damage.
Grinder hits you!
* * * LOW HITPOINT WARNING * * *
You slash the worm!
You kill the worm!
You closely miss Grinder. You barely miss the hobgoblin.
The hobgoblin closely misses you. Grinder gestures at you.
You resist with significant effort.
You slash the hobgoblin!
You kill the hobgoblin!
You slash Grinder! Grinder misses you. Grinder hits you.
* * * LOW HITPOINT WARNING * * *
You closely miss Grinder.
Grinder is heavily wounded.
Grinder hits you but does no damage.
You barely miss Grinder.
Your tail-slap misses Grinder.
Grinder is heavily wounded.
Grinder hits you.
You die...

###### ### #.. ..... .#
#.# #.# .# #.# #.#.#
###.# ###.##.# #.#
##.#.# ....#.#
#.##....### ####§##
##!.......# .....§##
##.........#
######§###.##...@.#.#
######.#.####.5.†...#
.......§§##.........#.#
.##########.###..#..#
.# .. ..###.# # ## #.##
#.# # !# #.# # .# ##


You could see Grinder.

Vanquished Creatures
  Sigmund (D:3)
  Natasha (thrice) (D:2)
  2 adders (D:2)
  2 worms
  2 dart slugs (D:1)
  2 leopard geckos (D:2)
  10 bats
  2 giant cockroaches
  5 goblins
  4 hobgoblins
  2 jackals (D:2)
  2 quokkas (D:2)
  2 frilled lizards (D:2)
  4 kobolds
  6 rats
49 creatures vanquished.

Notes
Turn   | Place    | Note
-------+----------+-------------------------------------------
     0 | D:1      | Nelagord the Draconian Gladiator began the quest for the Orb.
     0 | D:1      | Reached XP level 1. HP: 17/17 MP: 1/1
   247 | D:1      | Reached XP level 2. HP: 24/25 MP: 2/2
   584 | D:2      | Noticed Natasha
   588 | D:2      | Killed Natasha
   588 | D:2      | Reached skill level 3 in Fighting
   588 | D:2      | Reached XP level 3. HP: 31/31 MP: 3/3
   588 | D:2      | Noticed Natasha
   598 | D:2      | Killed Natasha
   598 | D:2      | Reached XP level 4. HP: 23/40 MP: 4/4
   710 | D:2      | Reached skill level 4 in Fighting
  1126 | D:2      | Noticed Natasha
  1145 | D:2      | Killed Natasha
  1145 | D:2      | Reached XP level 5. HP: 30/47 MP: 5/5
  1187 | D:2      | Found a stormy altar of Qazlal.
  1314 | D:3      | Noticed Sigmund
  1323 | D:3      | Killed Sigmund
  1323 | D:3      | Reached skill level 5 in Fighting
  1323 | D:3      | Reached XP level 6. HP: 33/56 MP: 6/6
  1338 | D:3      | Gained mutation: You expend magic power (3 MP) to strengthen your wands. [potion of mutation]
  1338 | D:3      | Gained mutation: You regenerate slowly when monsters are visible. [potion of mutation]
  1338 | D:3      | Gained mutation: Your mind is acute. (Int +2) [potion of mutation]
  1344 | D:3      | Noticed Grinder
  1349 | D:3      | Paralysed by Grinder for 5 turns
  1361 | D:3      | Slain by Grinder

Skill      XL: |  1  2  3  4  5 |
---------------+----------------+-----
Dodging        | 3 4 |  4.7
Fighting       | 3 4 5 |  5.4
Axes           | |  3.0
Throwing       | |  1.7

Action                   |  1- 3 |  4- 6 || total
-------------------------+-------+-------++-------
Melee: War axe           |    38 |   121 ||   159
       Tailslap          |     8 |    15 ||    23
  Use: Potion            |     1 |     7 ||     8
       Scroll            |       |     6 ||     6
 Stab: Sleeping          |       |     2 ||     2
Armor: Skin              |    21 |    47 ||    68
Dodge: Dodged            |    62 |   112 ||   174
